HBL
BROOKLYN CYCLONES @ HARTFORD WHALERS
05/25/1997
 
TOP OF THE 1ST
Brooklyn Cyclones batting - Pitching for Hartford Whalers : RHP Mike Thurman
Pitching: RHP Mike Thurman
Batting: RHB Onix Concepcion 0-0: Called Strike
0-1: Ball
1-1: Ground out 6-3 (Groundball, 6, EV 84.4 MPH)
Batting: LHB Ray Giannelli 0-0: Foul Ball, location: 2F
0-1: Ball
1-1: DOUBLE (Line Drive, 7LM, EV 114.4 MPH)
Batting: RHB Jed Hansen 0-0: Called Strike
0-1: Ball
1-1: Fly out, F7 (Flyball, 78M, EV 92.5 MPH)
Batting: SHB Turner Ward 0-0: Swinging Strike
0-1: Ball
1-1: Ground out 4-3 (Groundball, 34, EV 88.8 MPH)
Top of the 1st over - 0 runs, 1 hit, 0 errors, 1 left on base; Brooklyn 0 - Hartford 0
BOTTOM OF THE 1ST
Hartford Whalers batting - Pitching for Brooklyn Cyclones : RHP Brian Barber
Pitching: RHP Brian Barber
Batting: SHB Jason McDonald 0-0: Ball
1-0: Ball
2-0: Called Strike
2-1: Foul Ball, location: 2F
2-2: Foul Ball, location: 2F
2-2: Foul Ball, location: 2F
2-2: Ground out 6-3 (Groundball, 6, EV 83.8 MPH)
Batting: RHB Alex Ochoa 0-0: SINGLE (Line Drive, 56D, EV 94.4 MPH)
Batting: LHB Todd Walker 0-0: Swinging Strike
0-1: Foul Ball, location: 2F
0-2: TRIPLE (Flyball, 78XD, EV 86.9 MPH)
Alex Ochoa scores
Batting: RHB Kurt Abbott 0-0: Foul Ball, location: 2F
0-1: Foul Ball, location: 2F
0-2: Ball
1-2: Ball
2-2: Ball
3-2: Strikes out looking
Batting: LHB Dave Hansen 0-0: Ball
1-0: Called Strike
1-1: Called Strike
1-2: Foul Ball, location: 2F
1-2: Ball
2-2: 2-RUN HOME RUN (Line Drive, 9D, EV 103.8 MPH), Distance : 368 ft
Batting: LHB Rod Myers 0-0: Ball
1-0: Ball
2-0: Swinging Strike
2-1: SINGLE (Line Drive, 56D, EV 94.4 MPH)
Batting: LHB Todd Dunwoody 0-0: Ball
1-0: Fly out, F9 (Flyball, 9S, EV 85.6 MPH)
Bottom of the 1st over - 3 runs, 4 hits, 0 errors, 1 left on base; Brooklyn 0 - Hartford 3
TOP OF THE 2ND
Brooklyn Cyclones batting - Pitching for Hartford Whalers : RHP Mike Thurman
Batting: LHB Greg Blosser 0-0: Foul Ball, location: 2F
0-1: Ball
1-1: Foul Ball, location: 2F
1-2: Ball
2-2: Fly out, F3 (Popup, 34, EV 61.3 MPH)
Batting: RHB Brent Cookson 0-0: Called Strike
0-1: Ball
1-1: Foul Ball, location: 2F
1-2: Ball
2-2: Foul Ball, location: 2F
2-2: Strikes out looking
Batting: RHB Pedro Castellano 0-0: Called Strike
0-1: Ball
1-1: Ball
2-1: Foul Ball, location: 2F
2-2: Strikes out looking
Top of the 2nd over - 0 runs, 0 hits, 0 errors, 0 left on base; Brooklyn 0 - Hartford 3
BOTTOM OF THE 2ND
Hartford Whalers batting - Pitching for Brooklyn Cyclones : RHP Brian Barber
Batting: RHB Kevin Jordan 0-0: Fly out, F9 (Flyball, 9, EV 91.3 MPH)
Batting: RHB Mike Matheny 0-0: Fly out, F9 (Flyball, 9, EV 75.0 MPH)
Batting: SHB Jason McDonald 0-0: Ball
1-0: Called Strike
1-1: Ball
2-1: Ground out 3-1 (Groundball, 34, EV 86.9 MPH)
Bottom of the 2nd over - 0 runs, 0 hits, 0 errors, 0 left on base; Brooklyn 0 - Hartford 3
TOP OF THE 3RD
Brooklyn Cyclones batting - Pitching for Hartford Whalers : RHP Mike Thurman
Batting: RHB Mike R. Fitzgerald 0-0: Ball
1-0: Ball
2-0: DOUBLE (Flyball, 8RD, EV 93.1 MPH)
Batting: RHB Alan Cockrell 0-0: Foul Ball, location: 2F
0-1: Ball
1-1: Foul Ball, location: 2F
1-2: Strikes out swinging
Batting: RHB Onix Concepcion 0-0: Swinging Strike
0-1: Ball
1-1: Ball
2-1: Called Strike
2-2: Ball
3-2: SINGLE (Groundball, 6D, EV 105.6 MPH)
Mike R. Fitzgerald to third
Runner from 3rd tries for Home, SAFE, throw by CF to home
Onix Concepcion to second
Batting: LHB Ray Giannelli 0-0: Ball
1-0: Called Strike
1-1: Ball
2-1: Foul Ball, location: 2F
2-2: Foul Ball, location: 2F
2-2: Foul Ball, location: 2F
2-2: Ground out 1-3 (Groundball, 13S, EV 72.5 MPH)
Onix Concepcion to third
Batting: RHB Jed Hansen 0-0: Swinging Strike
0-1: Called Strike
0-2: Strikes out looking
Top of the 3rd over - 1 run, 2 hits, 0 errors, 1 left on base; Brooklyn 1 - Hartford 3
BOTTOM OF THE 3RD
Hartford Whalers batting - Pitching for Brooklyn Cyclones : RHP Brian Barber
Batting: RHB Alex Ochoa 0-0: Swinging Strike
0-1: Ball
1-1: Called Strike
1-2: Ball
2-2: SINGLE (Groundball, 56, EV 101.3 MPH) (infield hit)
Batting: LHB Todd Walker 0-0: Ball
1-0: Swinging Strike
1-1: DOUBLE (Line Drive, 89D, EV 101.9 MPH)
Alex Ochoa to third
Batting: RHB Kurt Abbott 0-0: Ball
Wild Pitch!
Alex Ochoa scores
Todd Walker to third
1-0: SINGLE (Line Drive, 7S, EV 89.4 MPH)
Todd Walker scores
Batting: LHB Dave Hansen 0-0: Ball
1-0: Ball
2-0: Called Strike
2-1: Fly out, F8 (Flyball, 8LXD, EV 96.9 MPH)
Batting: LHB Rod Myers 0-0: Fly out, F3 (Popup, 3SF, EV 73.8 MPH)
Batting: LHB Todd Dunwoody 0-0: Ball
1-0: Ball
2-0: Foul Ball, location: 2F
2-1: Called Strike
2-2: Foul Ball, location: 2F
2-2: Strikes out looking
Bottom of the 3rd over - 2 runs, 3 hits, 0 errors, 1 left on base; Brooklyn 1 - Hartford 5
TOP OF THE 4TH
Brooklyn Cyclones batting - Pitching for Hartford Whalers : RHP Mike Thurman
Batting: SHB Turner Ward 0-0: Ball
1-0: Ball
2-0: Ball
3-0: Called Strike
3-1: Base on Balls
Batting: LHB Greg Blosser 0-0: SINGLE (Flyball, 78M, EV 91.3 MPH)
Turner Ward to second
Batting: RHB Brent Cookson 0-0: Ball
1-0: Called Strike
1-1: Ball
2-1: Ball
3-1: Grounds into double play, 6-4-3 (Groundball, 6, EV 83.8 MPH)
Turner Ward to third
Batting: RHB Pedro Castellano 0-0: Ball
1-0: Called Strike
1-1: Ball
2-1: Foul Ball, location: 2F
2-2: Foul Ball, location: 2F
2-2: Foul Ball, location: 2F
2-2: SINGLE (Groundball, 6D, EV 100.0 MPH)
Turner Ward scores
Batting: RHB Mike R. Fitzgerald 0-0: Called Strike
0-1: Swinging Strike
0-2: Ball
1-2: Strikes out looking
Top of the 4th over - 1 run, 2 hits, 0 errors, 1 left on base; Brooklyn 2 - Hartford 5
BOTTOM OF THE 4TH
Hartford Whalers batting - Pitching for Brooklyn Cyclones : RHP Brian Barber
Batting: RHB Kevin Jordan 0-0: Swinging Strike
0-1: Called Strike
0-2: Foul Ball, location: 2F
0-2: Fly out, F7 (Line Drive, 7, EV 103.8 MPH)
Batting: RHB Mike Matheny 0-0: Fly out, F9 (Flyball, 9LMF, EV 92.5 MPH)
Batting: SHB Jason McDonald 0-0: Ball
1-0: Foul Ball, location: 2F
1-1: Called Strike
1-2: DOUBLE (Line Drive, 9LM, EV 106.3 MPH)
Batting: RHB Alex Ochoa 0-0: Ball
1-0: Ball
2-0: Foul Ball, location: 2F
2-1: Foul Ball, location: 2F
2-2: 2-RUN HOME RUN (Line Drive, 7LD, EV 98.1 MPH), Distance : 356 ft
Pitching: RHP Steve Reed
Batting: LHB Todd Walker 0-0: Ball
1-0: DOUBLE (Line Drive, 9LS, EV 102.5 MPH)
Batting: RHB Kurt Abbott 0-0: Foul Ball, location: 2F
0-1: DOUBLE (Line Drive, 89M, EV 88.8 MPH)
Todd Walker scores
Batting: LHB Dave Hansen 0-0: Fly out, F5 (Popup, 5F, EV 65.6 MPH)
Bottom of the 4th over - 3 runs, 4 hits, 0 errors, 1 left on base; Brooklyn 2 - Hartford 8
TOP OF THE 5TH
Brooklyn Cyclones batting - Pitching for Hartford Whalers : RHP Mike Thurman
Batting: RHB Alan Cockrell 0-0: Called Strike
0-1: Ball
1-1: Foul Ball, location: 2F
1-2: Ground out 6-3 (Groundball, 6, EV 100.0 MPH)
Batting: RHB Onix Concepcion 0-0: Ball
1-0: Called Strike
1-1: Swinging Strike
1-2: Ground out 1-3 (Groundball, 13, EV 91.9 MPH)
Batting: LHB Ray Giannelli 0-0: Ground out U3 (Groundball, 3S, EV 76.9 MPH)
Top of the 5th over - 0 runs, 0 hits, 0 errors, 0 left on base; Brooklyn 2 - Hartford 8
BOTTOM OF THE 5TH
Hartford Whalers batting - Pitching for Brooklyn Cyclones : RHP Steve Reed
Batting: LHB Rod Myers 0-0: Ball
1-0: Called Strike
1-1: Ball
2-1: Swinging Strike
2-2: Ball
3-2: Strikes out looking
Batting: LHB Todd Dunwoody 0-0: Ball
1-0: Called Strike
1-1: Called Strike
1-2: Ball
2-2: Strikes out swinging
Batting: RHB Kevin Jordan 0-0: Foul Ball, location: 2F
0-1: Hit by Pitch
Batting: RHB Mike Matheny 0-0: Ball
1-0: SINGLE (Groundball, 6D, EV 105.0 MPH)
Kevin Jordan to second
Batting: SHB Jason McDonald 0-0: Ball
1-0: Foul Ball, location: 2F
1-1: Called Strike
1-2: Ball
2-2: SINGLE (Groundball, 23, EV 75.0 MPH) (infield hit)
Kevin Jordan to third
Mike Matheny to second
Batting: RHB Alex Ochoa 0-0: Ball
1-0: Called Strike
1-1: Ball
2-1: Called Strike
2-2: Foul Ball, location: 2F
2-2: Ball
3-2: Foul Ball, location: 2F
3-2: Foul Ball, location: 2F
3-2: SINGLE (Flyball, 34D, EV 94.4 MPH)
Kevin Jordan scores
Mike Matheny to third
Jason McDonald to second
Mike Matheny scores
Jason McDonald to third
Pitching: RHP Todd Erdos
Batting: LHB Todd Walker 0-0: Ball
1-0: Ball
2-0: Foul Ball, location: 2F
2-1: Ball
3-1: Swinging Strike
3-2: Base on Balls
Alex Ochoa to second
Batting: RHB Kurt Abbott 0-0: Called Strike
0-1: Swinging Strike
0-2: Strikes out swinging
Bottom of the 5th over - 2 runs, 3 hits, 0 errors, 3 left on base; Brooklyn 2 - Hartford 10
TOP OF THE 6TH
Brooklyn Cyclones batting - Pitching for Hartford Whalers : RHP Mike Thurman
Batting: RHB Jed Hansen 0-0: Called Strike
0-1: Called Strike
0-2: Ball
1-2: Foul Ball, location: 2F
1-2: Foul Ball, location: 2F
1-2: Strikes out swinging
Batting: SHB Turner Ward 0-0: Fly out, F7 (Flyball, 7, EV 86.3 MPH)
Batting: LHB Greg Blosser 0-0: Ball
1-0: Fly out, F7 (Flyball, 7S, EV 87.5 MPH)
Top of the 6th over - 0 runs, 0 hits, 0 errors, 0 left on base; Brooklyn 2 - Hartford 10
BOTTOM OF THE 6TH
Hartford Whalers batting - Pitching for Brooklyn Cyclones : RHP Todd Erdos
Batting: LHB Dave Hansen 0-0: Foul Ball, location: 2F
0-1: Ball
1-1: Fly out, F9 (Flyball, 9S, EV 90.6 MPH)
Batting: LHB Rod Myers 0-0: Called Strike
0-1: Swinging Strike
0-2: Ball
1-2: Ball
2-2: Strikes out swinging
Batting: LHB Todd Dunwoody 0-0: Foul Ball, location: 2F
0-1: Called Strike
0-2: Ball
1-2: SINGLE (Groundball, 34D, EV 95.6 MPH)
Batting: RHB Kevin Jordan 0-0: Called Strike
0-1: Called Strike
0-2: Ball
1-2: Foul Ball, location: 2F
1-2: Ball
2-2: Strikes out swinging
Bottom of the 6th over - 0 runs, 1 hit, 0 errors, 1 left on base; Brooklyn 2 - Hartford 10
TOP OF THE 7TH
Brooklyn Cyclones batting - Pitching for Hartford Whalers : RHP Mike Thurman
Batting: RHB Brent Cookson 0-0: Foul Ball, location: 2F
0-1: Foul Ball, location: 2F
0-2: Foul Ball, location: 2F
0-2: Fly out, F8 (Flyball, 8RD, EV 105.0 MPH)
Pinch Hitting: SHB Andres Santana 0-0: Ball
1-0: Foul Ball, location: 2F
1-1: Ball
2-1: SINGLE (Line Drive, 8RS, EV 106.3 MPH)
Batting: RHB Mike R. Fitzgerald 0-0: Ball
1-0: Ball
2-0: DOUBLE (Line Drive, 7LM, EV 110.0 MPH)
Andres Santana to third
Runner from 3rd tries for Home, SAFE, no throw by LF
Batting: RHB Alan Cockrell 0-0: Ball
1-0: Ground out U3 (Groundball, 34, EV 89.4 MPH)
Mike R. Fitzgerald to third
Batting: RHB Onix Concepcion 0-0: Fly out, F8 (Flyball, 8LXD, EV 106.9 MPH)
Top of the 7th over - 1 run, 2 hits, 0 errors, 1 left on base; Brooklyn 3 - Hartford 10
BOTTOM OF THE 7TH
Hartford Whalers batting - Pitching for Brooklyn Cyclones : RHP Todd Erdos
Now at 3B: Mike Glendenning
Batting: RHB Mike Matheny 0-0: Ball
1-0: Ball
2-0: Called Strike
2-1: Ground out 5-3 (Groundball, 56S, EV 71.9 MPH)
Pitching: RHP Curt Lyons
Batting: SHB Jason McDonald 0-0: Ball
1-0: Ground out 4-3 (Groundball, 34, EV 98.1 MPH)
Batting: RHB Alex Ochoa 0-0: Ball
1-0: Foul Ball, location: 2F
1-1: Ball
2-1: Ball
3-1: Foul Ball, location: 2F
3-2: Foul Ball, location: 2F
3-2: Base on Balls
Batting: LHB Todd Walker 0-0: Called Strike
0-1: Ball
1-1: Ball
2-1: Swinging Strike
2-2: Ball
3-2: Foul Ball, location: 2F
3-2: 2-RUN HOME RUN (Flyball, 9D, EV 96.3 MPH), Distance : 375 ft
Batting: RHB Kurt Abbott 0-0: Called Strike
0-1: Ball
1-1: Ball
2-1: Ground out 4-3 (Groundball, 4, EV 88.8 MPH)
Bottom of the 7th over - 2 runs, 1 hit, 0 errors, 0 left on base; Brooklyn 3 - Hartford 12
TOP OF THE 8TH
Brooklyn Cyclones batting - Pitching for Hartford Whalers : RHP Mike Thurman
Pitching: RHP Oscar Henriquez
Batting: LHB Ray Giannelli 0-0: Foul Ball, location: 2F
0-1: Ball
1-1: SINGLE (Line Drive, 8LS, EV 97.5 MPH)
Batting: RHB Jed Hansen 0-0: Called Strike
0-1: Ball
1-1: Called Strike
1-2: DOUBLE (Line Drive, 7LM, EV 88.1 MPH)
Ray Giannelli to third
Batting: SHB Turner Ward 0-0: Fly out, F9 (Flyball, 89M, EV 82.5 MPH)
Runner from 3rd tags up, SCORES, no throw by RF
Batting: LHB Greg Blosser 0-0: Called Strike
0-1: Ball
1-1: Ball
2-1: Foul Ball, location: 2F
2-2: Strikes out looking
Batting: RHB Brent Cookson 0-0: Foul Ball, location: 2F
0-1: Ball
1-1: Ball
2-1: Foul Ball, location: 2F
2-2: Strikes out looking
Top of the 8th over - 1 run, 2 hits, 0 errors, 1 left on base; Brooklyn 4 - Hartford 12
BOTTOM OF THE 8TH
Hartford Whalers batting - Pitching for Brooklyn Cyclones : RHP Curt Lyons
Pitching: RHP Jose Cabrera
Batting: LHB Dave Hansen 0-0: Foul Ball, location: 2F
0-1: Fly out, F9 (Flyball, 9, EV 93.1 MPH)
Batting: LHB Rod Myers 0-0: Foul Ball, location: 2F
0-1: Ground out 1-3 (Groundball, 15S, EV 71.3 MPH)
Batting: LHB Todd Dunwoody 0-0: Ball
1-0: Swinging Strike
1-1: Foul Ball, location: 2F
1-2: Ball
2-2: Ball
3-2: Foul Ball, location: 2F
3-2: Foul Ball, location: 2F
3-2: Strikes out swinging
Bottom of the 8th over - 0 runs, 0 hits, 0 errors, 0 left on base; Brooklyn 4 - Hartford 12
TOP OF THE 9TH
Brooklyn Cyclones batting - Pitching for Hartford Whalers : RHP Oscar Henriquez
Batting: RHB Mike Glendenning 0-0: Foul Ball, location: 2F
0-1: Ground out 4-3 (Groundball, 4, EV 83.8 MPH)
Batting: RHB Mike R. Fitzgerald 0-0: Ball
1-0: Ball
2-0: Swinging Strike
2-1: Ball
3-1: Swinging Strike
3-2: Foul Ball, location: 2F
3-2: Strikes out looking
Batting: RHB Alan Cockrell 0-0: Ball
1-0: Swinging Strike
1-1: Foul Ball, location: 2F
1-2: Ball
2-2: Strikes out swinging
Top of the 9th over - 0 runs, 0 hits, 0 errors, 0 left on base; Brooklyn 4 - Hartford 12
Friday, February 13th, 2026 - OOTP Baseball 20.8 Build 74